 Dungeon Crawl Stone Soup version 0.17.0-27-g4a3f43e (webtiles) character file.

697 dvd the Covert (level 7, 0/32 HPs)
             Began as a Spriggan Enchanter on Nov 21, 2015.
             Slain by Rayvis's ghost (3 damage)
             ... in an ossuary.
             The game lasted 00:16:26 (4671 turns).

dvd the Covert (Spriggan Enchanter)                 Turns: 4671, Time: 00:16:26

Health: 0/32       AC:  3    Str:  4    XL:     7   Next: 37%
Magic:  10/15      EV: 19    Int: 19    God:
Gold:   282        SH:  0    Dex: 16    Spells: 4 memorised, 7 levels left

rFire  x . .     SeeInvis +     a - +1 dagger
rCold  + . .     Clarity  .     b - +1 robe
rNeg   + . .     SustAt   .     (shield restricted)
rPois  .         Gourm    .     (helmet restricted)
rElec  .         Spirit   .     (no cloak)
rCorr  .         Warding  +     (gloves unavailable)
rMut   .         Stasis   .     (boots unavailable)
MR     +....                    q - amulet of warding
Stlth  ++++......               (no ring)
                                l - ring of ice (curse)

@: very quick, somewhat resistant to hostile enchantments, stealthy
A: unfitting armour, see invisible, herbivore 3, speed 3, slow metabolism 2
a: no special abilities


You were in an ossuary.
You were hungry.

You visited 1 branch of the dungeon, and saw 4 of its levels.
You also visited: Ossuary.

You collected 282 gold pieces.

Inventory:

Hand Weapons
 a - a +1 dagger (weapon)
Missiles
 e - 24 sling bullets
 f - 41 arrows
 m - 15 sling bullets of frost
 n - 8 arrows of dispersal
Armour
 b - a +1 robe (worn)
Jewellery
 l - a cursed ring of ice (left hand)
 q - an amulet of warding (around neck)
Wands
 z - a wand of polymorph (12)
 A - a wand of fire (8)
 B - a wand of slowing (20)
Scrolls
 i - 4 scrolls of teleportation {unknown}
 j - a scroll of magic mapping {unknown}
 k - 6 scrolls of identify {unknown}
 o - a scroll of remove curse {unknown}
 p - a scroll of enchant weapon {unknown}
 r - 2 scrolls of amnesia {unknown}
 t - 3 scrolls of enchant armour {unknown}
 x - a scroll of blinking {unknown}
 y - a scroll of fear {unknown}
Potions
 d - a potion of flight {unknown}
 g - 2 potions of heal wounds {unknown}
 h - 2 potions of degeneration {unknown}
 s - 2 potions of berserk rage {unknown}
 v - 2 potions of resistance {unknown}
 w - a potion of poison {unknown}
 C - a potion of might {unknown}
Books
 c - a book of Maledictions

   Spells                             Type                      Level
   a - Corona                         Hexes                        1
   b - Ensorcelled Hibernation        Hexes/Ice                    2
   c - Confuse                        Hexes                        3
   d - Tukima's Dance                 Hexes                        3
   e - Dazzling Spray                 Conjuration/Hexes            3
Comestibles
 u - a bread ration


   Skills:
 + Level 0.1 Fighting
 + Level 1.9 Short Blades
 + Level 4.0 Dodging
 + Level 8.0 Stealth
 + Level 5.1 Spellcasting
 + Level 5.9 Hexes
 + Level 2.6 Ice Magic


You had 7 spell levels left.
You knew the following spells:

 Your Spells              Type           Power        Failure   Level  Hunger
a - Corona                Hex            ####...      1%          1    None
b - Ensorcelled Hibernat  Hex/Ice        ####..       3%          2    #......
c - Confuse               Hex            ####....     3%          3    ##.....
d - Tukima's Dance        Hex            ####....     3%          3    ##.....


Dungeon Overview and Level Annotations

Branches:
Dungeon (4/15)
 Temple: D:4-7

Altars:
Beogh

Annotations:
Ossuary Rayvis's ghost, novice MiFi


Innate Abilities, Weirdness & Mutations

You are tiny and cannot use many weapons and most armour.
You have supernaturally acute eyesight.
You are a herbivore.
You cover ground extremely quickly.
You need consume almost no food.


Message History

Rayvis's ghost is almost destroyed.
You hit Rayvis's ghost but do no damage.
Rayvis's ghost is almost destroyed.
Rayvis's ghost hits you!
Ouch! That really hurt!
* * * LOW HITPOINT WARNING * * *
You hit Rayvis's ghost.
Rayvis's ghost is almost destroyed.
Rayvis's ghost completely misses you.
You hit Rayvis's ghost.
Rayvis's ghost is almost destroyed.
Rayvis's ghost hits you.
* * * LOW HITPOINT WARNING * * *
You catch the helpless Rayvis's ghost completely off-guard!
You puncture Rayvis's ghost!
Rayvis's ghost is almost destroyed.
You completely miss Rayvis's ghost.
Rayvis's ghost is almost destroyed.
Rayvis's ghost seems less confused.
Rayvis's ghost hits you.
You die...

#.## #..### ##...#
###...##
##......#################
##........##.#.#.#.#.##...
#..........#'#'#[#'#'##.8.
#..#.......[....).....'...
##.##....@)#'#'#'#'#'##.8.
#.#....W.##.#.#.#.#.##...
#.##....#################
##.....## ##...## #####


You could see Rayvis's ghost.

Vanquished Creatures
  2 wraiths (Ossuary)
  4 wights (Ossuary)
  An orc priest (D:3)
  An orc wizard (D:3)
  An iguana (D:3)
  5 adders
  3 gnolls (D:3)
  An ooze (D:1)
  2 adder zombies (Ossuary)
  3 worms
  6 orcs (D:3)
  A ball python (D:3)
  4 bats
  3 goblins
  10 hobgoblins
  7 jackals
  A quokka (D:3)
  4 giant cockroaches
  3 giant geckos (D:3)
  A giant newt (D:1)
  12 kobolds
  2 kobold zombies (Ossuary)
  3 orc skeletons (Ossuary)
  2 rats
82 creatures vanquished.

Vanquished Creatures (collateral kills)
  A hobgoblin zombie (Ossuary)
1 creature vanquished.

Grand Total: 83 creatures vanquished

Notes
Turn   | Place    | Note
--------------------------------------------------------------
     0 | D:1      | dvd the Spriggan Enchanter began the quest for the Orb.
     0 | D:1      | Reached XP level 1. HP: 9/9 MP: 5/5
   240 | D:1      | Reached XP level 2. HP: 13/13 MP: 3/6
   270 | D:1      | Learned a level 2 spell: Ensorcelled Hibernation
   624 | D:1      | Reached skill level 5 in Stealth
  1019 | D:2      | Reached XP level 3. HP: 13/16 MP: 1/8
  1496 | D:2      | Reached skill level 1 in Ice Magic
  1556 | D:2      | Learned a level 3 spell: Confuse
  2005 | D:3      | Reached XP level 4. HP: 21/21 MP: 3/10
  2660 | D:3      | Reached skill level 6 in Stealth
  2660 | D:3      | Reached XP level 5. HP: 17/24 MP: 4/11
  3221 | D:3      | Found a roughly hewn altar of Beogh.
  3397 | D:3      | Learned a level 3 spell: Tukima's Dance
  3731 | D:4      | Found a sand-covered staircase.
  3736 | Ossuary  | Entered an ossuary
  3777 | Ossuary  | Reached XP level 6. HP: 22/28 MP: 1/13
  3887 | Ossuary  | Reached skill level 7 in Stealth
  3887 | Ossuary  | Reached skill level 5 in Hexes
  3996 | Ossuary  | Noticed a wraith
  3996 | Ossuary  | Noticed a flying skull
  4013 | Ossuary  | Noticed a flying skull
  4014 | Ossuary  | Noticed Rayvis's ghost (novice MiFi)
  4015 | Ossuary  | Noticed a flying skull
  4182 | Ossuary  | Noticed a wraith
  4198 | Ossuary  | Killed a wraith
  4453 | Ossuary  | Noticed a flying skull
  4461 | Ossuary  | Reached XP level 7. HP: 32/32 MP: 15/15
  4473 | Ossuary  | Noticed a wraith
  4504 | Ossuary  | Killed a wraith
  4504 | Ossuary  | Reached skill level 8 in Stealth
  4504 | Ossuary  | Reached skill level 5 in Spellcasting
  4671 | Ossuary  | Slain by Rayvis's ghost

Action                   |  1- 3 |  4- 6 |  7- 9 || total
-------------------------+-------+-------+-------++-------
Melee: Dagger            |    61 |    97 |    28 ||   186
 Cast: Corona            |     9 |     2 |       ||    11
       Ensorcelled Hiber |    27 |    34 |       ||    61
       Confuse           |     1 |    13 |     8 ||    22
       Tukima's Dance    |       |     6 |       ||     6
 Stab: Sleeping          |    29 |    36 |       ||    65
       Distracted        |     1 |       |       ||     1
       Confused          |       |     3 |     7 ||    10
  Eat: Bread ration      |       |     1 |       ||     1
